 Dungeon Crawl Stone Soup version 0.26.1-2-gb8aa6d0cf2 (webtiles) character file.

Game seed: 14851792900020937923

42 leviel the Stinger (level 3, 0/24 HPs)
             Began as a Merfolk Venom Mage on Mar 21, 2021.
             Slain by an adder (5 damage)
             ... on level 2 of the Dungeon.
             The game lasted 00:04:03 (808 turns).

leviel the Stinger (Merfolk Venom Mage)              Turns: 808, Time: 00:04:03

Health: 0/24       AC:  3    Str:  4    XL:     3   Next: 54%
Magic:  1/7        EV: 13    Int: 15    God:
Gold:   16         SH:  0    Dex: 14    Spells: 6/7 levels left

rFire    + . .     SeeInvis .   (no weapon)
rCold    + . .     Faith    .   (no shield)
rNeg     . . .     Spirit   .   a - +0 robe
rPois    +         Reflect  .   (no helmet)
rElec    +         Harm     .   (no cloak)
rCorr    +         Rampage  .   (no gloves)
Will     .....                  h - +0 pair of boots (curse)
Stlth    ++........             (no amulet)
HPRegen  0.08/turn              g - -4 ring of strength (curse)
MPRegen  0.10/turn              (no ring)

@: lethally poisoned (0 -> -1), resistant
A: change form in water, swift swim, stealthy swim
a: no special abilities


You were on level 2 of the Dungeon.
You visited 1 branch of the dungeon, and saw 2 of its levels.

You collected 16 gold pieces.

Inventory:

Armour
 a - a +0 robe (worn)
 h - a cursed +0 pair of boots (worn)
Jewellery
 g - a cursed -4 ring of strength (left hand)
Scrolls
 d - a scroll of enchant weapon {unknown}
 l - a scroll of amnesia
 m - a scroll of identify
Potions
 c - a potion of haste {unknown}
 e - a potion of degeneration {unknown}
 f - 2 potions of magic
 i - a potion of brilliance {unknown}
 j - 2 potions of attraction {unknown}
 k - a potion of heal wounds {unknown}


   Skills:
 + Level 3.0 Dodging
 + Level 2.2 Stealth
 + Level 2.8 Spellcasting
 + Level 1.7 Transmutations
 + Level 3.9 Poison Magic


You had 6 spell levels left.
You knew the following spells:

 Your Spells              Type           Power        Failure   Level
a - Sting                 Tmut/Pois      40%          6%          1

Your spell library contained the following spells:

 Spells                   Type           Power        Failure   Level
 Poisonous Vapours        Pois/Air       14%          14%         2
 Ignite Poison            Fire/Tmut/Pois 7%           28%         3
 Mephitic Cloud           Conj/Pois/Air  6%           34%         3
 Olgreb's Toxic Radiance  Pois           13%          38%         4


Dungeon Overview and Level Annotations

Branches:
Dungeon (2/15)

Altars:


Message History

The adder looks more healthy.
Casting: Sting (safe; 6% risk of failure)
Confirm with . or Enter, or press ? or * to list all spells.
Aiming: Sting (safe; 6% risk of failure)
Press: ? - help, Shift-Dir - straight line, f/p - adder
Aim: an adder (heavily wounded, 47% to evade)
The sting misses the adder.
The adder bites you but does no damage. The adder closely misses you.
You feel sick.
It was a potion of resistance.
You feel protected. The adder bites you but does no damage.
Unknown command.
Casting: Sting (safe; 6% risk of failure)
Confirm with . or Enter, or press ? or * to list all spells.
Aiming: Sting (safe; 6% risk of failure)
Press: ? - help, Shift-Dir - straight line, f/p - adder
Aim: an adder (heavily wounded, 47% to evade)
The sting misses the adder.
The adder closely misses you. The adder bites you.
You die...

+.....#
##....#
#.>..+
#....#
#....#
#....#
#....#
#.S..#
#.@..#
#....#
######


You could see an adder.

Vanquished Creatures
  2 adders (D:2)
  A dart slug (D:1)
  A bat (D:1)
  2 giant cockroaches (D:1)
  3 goblins (D:1)
  5 hobgoblins (D:1)
  2 kobolds (D:1)
  A ball python (D:1)
  2 frilled lizards (D:1)
  2 rats (D:1)
21 creatures vanquished.

Notes
Turn   | Place    | Note
-------+----------+-------------------------------------------
     0 | D:1      | leviel the Merfolk Venom Mage began the quest for the Orb.
     0 | D:1      | Reached XP level 1. HP: 13/13 MP: 3/3
   132 | D:1      | Reached XP level 2. HP: 19/19 MP: 0/5
   531 | D:1      | Reached XP level 3. HP: 24/24 MP: 3/6
   808 | D:2      | Slain by an adder

Illustrated notes

Levels and vault maps discovered:
D:1:      wander_arrival_lonely_grave, layout_rooms, minmay_misc_feat_plants
D:2:      layout_basic

Skill      XL: |  1  2 |
---------------+-------+-----
Dodging        | 3 |  3.0
Stealth        | |  2.2
Spellcasting   | |  2.8
Transmutations | |  1.7
Poison Magic   | |  3.9

Action                   || total
-------------------------++-------
Melee: Unarmed           ||     6
 Cast: Sting             ||    29
  Use: Scroll            ||     5
       Potion            ||     1
Armor: Robe              ||     7
Dodge: Dodged            ||    13
